 Dungeon Crawl Stone Soup version 0.24.1 (webtiles) character file.

Game seed: 4036083836764922378, levelgen mode: deterministic

20652 Brecoman the Fighter (level 12, 0/97 HPs)
             Began as a Demonspawn Gladiator on Mar 28, 2020.
             Was a High Priest of Makhleb.
             Slain by a polar bear (5 damage)
             ... in an ice cave on Mar 29, 2020.
             The game lasted 01:18:50 (16131 turns).

Brecoman the Fighter (Demonspawn Gladiator)        Turns: 16131, Time: 01:18:51

Health: 0/97       AC: 18    Str: 26    XL:     12   Next: 47%
Magic:  18/18      EV: 11    Int:  9    God:    Makhleb [*****.]
Gold:   141        SH:  9    Dex: 15    Spells: 11/11 levels left

rFire    . . .     SeeInvis .   B - +4 war axe (freeze)
rCold    . . .     Gourm    .   o - +0 buckler
rNeg     . . .     Faith    .   E - +0 plate armour
rPois    +         Spirit   .   c - +0 helmet
rElec    .         Reflect  .   D - scarf {repulsion}
rCorr    +         Harm     .   y - +0 pair of gloves
MR       +....                  x - +1 pair of boots
Stlth    ..........             t - amulet of rage
HPRegen  0.26/turn              a - ring of resist corrosion
MPRegen  0.16/turn              J - ring of Baedghute {rPois MR+ Str+6}

@: repel missiles
A: large bone plates 1, nightstalker 2, powered by death 3
a: Minor Destruction, Lesser Servant of Makhleb, Major Destruction, Greater
Servant of Makhleb, Renounce Religion, Evoke Berserk Rage


You were in an ice cave.
You worshipped Makhleb.
Makhleb was extremely pleased with you.
You were not hungry.

You visited 4 branches of the dungeon, and saw 17 of its levels.
You also visited: Ice Cave.

You collected 775 gold pieces.
You spent 634 gold pieces at shops.

Inventory:

Hand Weapons
 B - a +4 war axe of freezing (weapon)
Missiles
 d - 4 throwing nets
 h - 333 stones
 v - 65 poisoned darts (quivered)
Armour
 c - a +0 helmet (worn)
 o - a +0 buckler (worn)
 x - a +1 pair of boots (worn)
 y - a +0 pair of gloves (worn)
 D - a scarf of repulsion (worn)
 E - a +0 plate armour (worn)
Jewellery
 a - a ring of resist corrosion (left hand)
 j - an uncursed ring of flight
 t - an amulet of rage (around neck)
 I - a +3 amulet of reflection
 J - the ring of Baedghute (right hand) {rPois MR+ Str+6}
   (You bought it in a shop on level 4 of the Dungeon)

   [ring of protection from magic]

   It affects your strength (+6).
   It protects you from poison.
   It affects your resistance to hostile enchantments.
Wands
 n - a wand of scattershot (6)
 s - a wand of enslavement (10)
 z - a wand of iceblast (19)
 K - a wand of acid (5)
 L - a wand of digging (3)
 R - a wand of random effects (14)
Scrolls
 b - a scroll of fear
 e - 8 scrolls of identify
 g - 7 scrolls of remove curse
 m - 5 scrolls of amnesia
 C - a scroll of teleportation
 G - a scroll of enchant armour
 H - a scroll of random uselessness {unknown}
 M - a scroll of holy word {unknown}
 P - 2 scrolls of blinking
 S - a scroll of immolation
Potions
 i - a potion of haste
 k - 4 potions of lignification
 l - 3 potions of magic
 p - a potion of berserk rage
 q - 4 potions of might
 r - 2 potions of resistance
 u - 2 potions of flight
 w - 3 potions of mutation
 A - 4 potions of curing
 F - a potion of ambrosia
 N - a potion of invisibility
 T - a potion of agility
Comestibles
 f - 29 rations
 O - 2 chunks of flesh


   Skills:
 + Level 10.2 Fighting
 + Level 9.7 Axes
 - Level 1.7 Throwing
 + Level 8.1 Armour
 + Level 7.2 Dodging
 - Level 5.0 Shields
 - Level 9.3 Invocations
 + Level 5.1 Evocations


You had 11 spell levels left.
You didn't know any spells.
Your spell library contained the following spells:

 Spells                   Type           Power        Failure   Level  Hunger
 Animate Skeleton         Necr           N/A          99%         1    ##.....
 Apportation              Tloc           #.....       99%         1    ##.....
 Confusing Touch          Hex            #.....       99%         1    ##.....
 Corona                   Hex            #......      99%         1    ##.....
 Freeze                   Ice            #...         99%         1    ##.....
 Sting                    Conj/Pois      #...         99%         1    ##.....
 Summon Small Mammal      Summ           #...         99%         1    ##.....
 Ensorcelled Hibernation  Hex/Ice        #.....       100%        2    ###....
 Poisonous Vapours        Pois/Air       #.....       100%        2    ###....
 Throw Frost              Conj/Ice       #.....       100%        2    ###....
 Confuse                  Hex            #.......     100%        3    ####...
 Dazzling Spray           Conj/Hex       #.....       100%        3    ####...
 Mephitic Cloud           Conj/Pois/Air  #.......     100%        3    ####...
 Ozocubu's Armour         Chrm/Ice       #.......     100%        3    ####...
 Tukima's Dance           Hex            #.......     100%        3    ####...
 Olgreb's Toxic Radiance  Pois           #.......     100%        4    #####..
 Summon Ice Beast         Ice/Summ       #.......     100%        4    #####..
 Throw Icicle             Conj/Ice       #.......     100%        4    #####..
 Venom Bolt               Conj/Pois      #.........   100%        5    ######.


Dungeon Overview and Level Annotations

Branches:
Dungeon (12/15)            Temple (1/1) D:4            Lair (3/6) D:8
 Spider (0/4) Lair:2          Orc (1/2) D:10          IceCv (1/1)
  Swamp: Lair:2-4    Shoals: Lair:2-4

Altars:
Ashenzari
Dithmenos
Elyvilon
Fedhas
Gozag
Hepliaklqana
Makhleb
Okawaru
Trog
Wu Jian
Zin
Beogh

Shops:
D:4 }(=?(

Annotations:
D:5 2 transporters, Descartes's ghost, novice DEAE
D:9 2 transporters, VPR's ghost, novice GnSk
D:10 2 transporters, fritzmikael's ghost, novice OgWz IceCv exclusion: ice statue


Innate Abilities, Weirdness & Mutations

You are partially covered in large bone plates. (SH +4)
You are significantly more attuned to the shadows.
You regenerate a lot of health from kills.


Message History

The polar bear is lightly wounded.
You block the polar bear's attack.
The polar bear claws you but does no damage. x2
You hit the polar bear. You freeze the polar bear.
The polar bear is moderately wounded.
You block the polar bear's attack.
The polar bear claws you but does no damage.
You block the polar bear's attack.
You slice the polar bear!! You freeze the polar bear.
The polar bear is almost dead.
The polar bear goes berserk!
You hit the polar bear.
The polar bear is almost dead.
The polar bear bites you!!
* * * LOW HITPOINT WARNING * * *
The polar bear claws you but does no damage.
You block the polar bear's attack.
The polar bear bites you but does no damage.
The polar bear claws you.
You die...

### ###### ###..
####÷...##
##....
#(h@##○#○#
##...##
#.(.#####°#
###...##. #(.
#..○####..÷####.
(#
##.8☼##...####○○
##...##..###..#
#..###..##.○○.
#..####..##○§#
##..#.....##☼.
##....#.####.


You could see a polar bear (berserk).

Vanquished Creatures
  A hydra (D:8)
  2 two-headed ogres
  A manticore (D:12)
  2 black mambas (Lair:2)
  6 spiny frogs
  A rime drake (Lair:2)
  A komodo dragon (D:8)
  A jumping spider (Lair:2)
  A merfolk (D:10)
  2 trolls (D:11)
  3 polar bears (IceCv)
  2 hippogriffs (Lair:1)
  2 redbacks (Lair:2)
  A vampire (D:10)
  27 yaks
  A wyvern (D:11)
  Edmund (D:6)
  10 porcupines
  8 water moccasins
  2 ice beasts
  7 orc warriors
  A sky beast (D:8)
  4 phantoms
  3 centaurs
  7 wolves (IceCv)
  6 ogres
  4 crocodiles
  2 big kobolds
  5 bullfrogs
  4 scorpions
  7 killer bees
  7 wights
  13 howler monkeys
  A bullfrog zombie (D:11)
  3 centaur zombies
  9 crimson imps
  2 quasits
  4 orc wizards
  Crazy Yiuf (D:6)
  7 orc priests
  3 bullfrog skeletons
  5 hounds
  4 jellies
  3 centaur skeletons
  3 iguanas
  Natasha (twice) (D:2)
  2 worker ants
  2 killer bee zombies (D:8)
  2 hound skeletons
  A howler monkey zombie (D:5)
  8 gnolls
  6 adders
  12 white imps (Lair:3)
  2 oozes
  6 worms
  3 dart slugs
  6 leopard geckos
  47 orcs
  3 giant cockroaches
  4 goblins
  6 hobgoblins
  12 jackals
  10 kobolds
  5 quokkas
  3 bats
  5 frilled lizards
  A quokka zombie (D:6)
  5 rats
  3 fungi
346 creatures vanquished.

Vanquished Creatures (collateral kills)
  A two-headed ogre (D:7)
  An orc (D:9)
2 creatures vanquished.

Vanquished Creatures (others)
  A fungus (Lair:3)
1 creature vanquished.

Grand Total: 349 creatures vanquished

Notes
Turn   | Place    | Note
-------+----------+-------------------------------------------
     0 | D:1      | Brecoman the Demonspawn Gladiator began the quest for the
                  | Orb.
     0 | D:1      | Reached XP level 1. HP: 16/16 MP: 1/1
   144 | D:1      | Gained mutation: You are slightly more attuned to the
                  | shadows. [demonic ancestry]
   144 | D:1      | Reached XP level 2. HP: 19/22 MP: 2/2
   700 | D:2      | Noticed Natasha
   713 | D:2      | Killed Natasha
   713 | D:2      | Gained mutation: You regenerate a little health from kills.
                  | [demonic ancestry]
   713 | D:2      | Reached XP level 3. HP: 19/28 MP: 3/3
   906 | D:2      | Reached XP level 4. HP: 34/34 MP: 4/4
   922 | D:2      | Reached skill level 3 in Fighting
  1023 | D:2      | Noticed Natasha
  1043 | D:2      | Killed Natasha
  1650 | D:3      | Gained mutation: You are partially covered in large bone
                  | plates. (SH +4) [demonic ancestry]
  1650 | D:3      | Reached XP level 5. HP: 36/41 MP: 5/5
  2380 | D:4      | Found Lino's Weapon Emporium.
  2544 | D:4      | Found Xouked's Magic Scroll Shoppe.
  2953 | D:4      | Found a staircase to the Ecumenical Temple.
  2962 | Temple   | Entered the Ecumenical Temple
  2990 | Temple   | Became a worshipper of Makhleb the Destroyer
  3313 | Temple   | Gained mutation: You regenerate health from kills. [demonic
                  | ancestry]
  3313 | Temple   | Reached XP level 6. HP: 45/48 MP: 6/6
  3317 | Temple   | Reached skill level 1 in Shields
  3457 | D:4      | Reached skill level 1 in Invocations
  3572 | D:4      | Found Raxkoc's Jewellery Shop.
  3631 | D:4      | Reached skill level 4 in Fighting
  3851 | D:4      | Found Maoniok's Gadget Shoppe.
  3948 | D:4      | Found Ahuw's Antique Weapon Shop.
  4089 | D:5      | Entered Level 5 of the Dungeon
  4120 | D:5      | Found a transporter.
  4147 | D:5      | Reached XP level 7. HP: 49/54 MP: 8/8
  4164 | D:5      | Found a transporter.
  4226 | D:5      | Reached * piety under Makhleb
  4379 | D:5      | Reached skill level 1 in Evocations
  4631 | D:5      | Noticed Descartes's ghost (novice DEAE)
  4775 | D:6      | Found a glowing silver altar of Zin.
  4959 | D:6      | Found a runed translucent door.
  4960 | D:6      | Noticed Crazy Yiuf
  4976 | D:6      | Paralysed by Crazy Yiuf for 5 turns
  4981 | D:6      | Killed Crazy Yiuf
  4981 | D:6      | Gained mutation: You are significantly more attuned to the
                  | shadows. [demonic ancestry]
  4981 | D:6      | Reached XP level 8. HP: 31/61 MP: 3/10
  5324 | D:6      | Reached skill level 5 in Axes
  5336 | D:6      | Reached skill level 5 in Fighting
  5557 | D:6      | Noticed Edmund
  5573 | D:6      | Killed Edmund
  5573 | D:6      | Reached skill level 1 in Armour
  6429 | D:7      | Reached skill level 5 in Invocations
  6679 | D:7      | Gained mutation: You regenerate a lot of health from kills.
                  | [demonic ancestry]
  6679 | D:7      | Reached XP level 9. HP: 41/69 MP: 11/13
  6692 | D:7      | Reached skill level 6 in Fighting
  7374 | D:8      | You fall into a shaft and drop 2 floors!
  7374 | D:10     | Entered Level 10 of the Dungeon
  7405 | D:9      | Reached ** piety under Makhleb
  8313 | D:8      | Reached skill level 5 in Shields
  8447 | D:8      | Reached XP level 10. HP: 77/77 MP: 15/15
  8451 | D:8      | Reached *** piety under Makhleb
  8458 | D:8      | Noticed a two-headed ogre
  8462 | D:8      | Noticed a two-headed ogre
  8479 | D:7      | Killed a two-headed ogre
  8479 | D:7      | Reached skill level 7 in Fighting
  8985 | D:8      | Noticed a two-headed ogre
  9529 | D:8      | Found a staircase to the Lair.
  9658 | D:8      | Reached skill level 5 in Armour
  9687 | D:8      | Found a roughly hewn altar of Beogh.
  9890 | D:9      | Noticed VPR's ghost (novice GnSk)
  9891 | D:9      | Found a transporter.
 10078 | D:9      | Identified the cursed +0 great mace of Dividends {freeze,
                  | Fragile Str+4 Stlth+}
 10078 | D:9      | Noticed a two-headed ogre
 10079 | D:9      | Found a transporter.
 10345 | D:9      | Noticed a two-headed ogre
 10948 | D:9      | Reached skill level 8 in Fighting
 11009 | D:10     | Reached **** piety under Makhleb
 11474 | D:10     | Reached XP level 11. HP: 40/87 MP: 17/17
 11747 | D:10     | Found a staircase to the Orcish Mines.
 11785 | D:10     | Found a transporter.
 11787 | D:10     | Noticed fritzmikael's ghost (novice OgWz)
 11792 | D:10     | Noticed a two-headed ogre
 11819 | D:10     | Found a transporter.
 12376 | D:11     | Reached skill level 5 in Dodging
 12975 | Orc:1    | Entered Level 1 of the Orcish Mines
 13061 | D:6      | Killed a two-headed ogre
 13108 | D:4      | Bought the ring of Baedghute {rPois MR+ Str+6} for 634 gold
                  | pieces
 13173 | D:7      | Killed a two-headed ogre
 13173 | D:7      | Reached skill level 9 in Fighting
 13226 | Lair:1   | Entered Level 1 of the Lair of Beasts
 13304 | Lair:1   | Noticed a seven-headed hydra
 13328 | D:8      | Killed a ten-headed hydra
 13678 | Lair:1   | Reached XP level 12. HP: 95/97 MP: 18/18
 14703 | Lair:2   | Found a hole to the Spider Nest.
 14955 | Lair:2   | Reached skill level 10 in Fighting
 15405 | Lair:3   | Found a frozen archway.
 15445 | IceCv    | Entered an ice cave
 15453 | IceCv    | Reached ***** piety under Makhleb
 15490 | IceCv    | Reached skill level 5 in Evocations
 16131 | IceCv    | Slain by a polar bear

Levels and vault maps discovered:
D:1:      dpeg_arrival_simpleton_c, layout_rooms, serial_corexii_hall,
          corexii_hall_statues_deadend, corexii_hall_statues_t
D:2:      layout_basic, uniq_natasha
D:3:      layout_basic
D:4:      layout_basic, minmay_temple_entry_arrows, serial_shops,
          kennysheep_mini, shop, nicolae_shop_crystal, shop,
          nicolae_shop_temple_entry_statues_fountains, nicolae_zen_rock_garden
D:5:      layout_cave_pools, gammafunk_ghost_arena, serial_glass,
          glass_columns_a, glass_columns_a, first_ration,
          kennysheep_generic_room_9
D:6:      layout_loops_corners, overflow_temple_1_default,
          uniq_crazy_yiuf_cottage, uniq_edmund
D:7:      layout_loops_cross
D:8:      layout_rooms, lair_entry_dummy, special_room [special_room_orc]
D:9:      layout_grid_maze, gammafunk_ghost_smash
D:10:     layout_cave_pools, orc_0_dummy, gammafunk_ghost_wrathful_warriors,
          hangedman_fish_farm, wad_floor_pattern_2, grunt_ministairs_14,
          serial_park_tiny_1
D:11:     layout_roguey
D:12:     layout_roguey
Temple:   nicolae_temple_the_god_donut
Lair:1:   layout_small_grid, beast_lair_carwin_1
Lair:2:   layout_loops_ring, spider_nest_entry_a, patterned_corridor
Lair:3:   layout_loops_ring, nicolae_swamp_entry_splash_gauntlet,
          portal_ice_cave_entry_imps, special_room [special_room_bee],
          grunt_megastairs_2, serial_bayou_shore_b
Orc:1:    layout_diamond_mine, serial_shops, shop
IceCv:    ice_cave_caverns_02

Skill      XL: |  1  2  3  4  5  6  7  8  9 10 11 12 |
---------------+-------------------------------------+-----
Dodging        | 3 4 6 7 |  7.2
Axes           | 3 4 5 6 8 9 |  9.7
Fighting       | 3 4 5 6 8 9 10 | 10.2
Shields        | 1 2 3 5 |  5.0
Invocations    | 2 3 5 7 9 |  9.3
Evocations     | 2 3 5 |  5.1
Armour         | 2 4 5 7 8 |  8.1
Throwing       | |  1.7

Action                   |  1- 3 |  4- 6 |  7- 9 | 10-12 || total
-------------------------+-------+-------+-------+-------++-------
Melee: War axe           |    88 |   219 |   520 |   735 ||  1562
Throw: Dart              |       |     1 |     3 |    14 ||    18
Invok: Lesser Servant of |       |       |       |     1 ||     1
       Minor Destruction |       |       |       |     1 ||     1
       Major Destruction |       |       |       |     1 ||     1
 Abil: Evoke Berserk Rag |       |       |     1 |       ||     1
Evoke: Wand              |       |       |       |     2 ||     2
  Use: Scroll            |       |    12 |       |    13 ||    25
       Potion            |       |       |     2 |     2 ||     4
  Eat: Chunk             |       |    10 |    11 |    21 ||    42
       Ration            |       |       |     2 |     1 ||     3
Armor: Leather armour    |     3 |       |       |       ||     3
       Chain mail        |    39 |   114 |    61 |       ||   214
       Ring mail         |     2 |       |       |       ||     2
       Plate armour      |       |       |   257 |   334 ||   591
Dodge: Dodged            |    45 |    84 |   145 |   234 ||   508
       Deflected         |       |       |     2 |    11 ||    13
Block: Buckler           |       |    57 |   247 |   390 ||   694
       Other             |       |     8 |       |       ||     8
       Reflection        |       |       |       |     6 ||     6
